 Dungeon Crawl Stone Soup version 0.22-a0-858-g985ef60 (webtiles) character file.

54 Amnesiac the Vexing (level 3, 0/24 HPs)
             Began as a Mummy Enchanter on July 27, 2018.
             Hit by a stone thrown by a hobgoblin (5 damage)
             ... on level 2 of the Dungeon.
             The game lasted 00:02:19 (1312 turns).

Amnesiac the Vexing (Mummy Enchanter)               Turns: 1312, Time: 00:02:20

Health: 0/24       AC:  2    Str: 11    XL:     3   Next: 66%
Magic:  4/7        EV: 12    Int: 15    God:
Gold:   37         SH:  0    Dex: 12    Spells: 1/8 levels left

rFire    x . .     SeeInvis .   a - +2 dagger (drain)
rCold    + . .     Gourm    .   (no shield)
rNeg     + + +     Faith    .   f - +0 robe
rPois    ∞         Spirit   .   (no helmet)
rElec    .         Reflect  .   (no cloak)
rCorr    .         Harm     .   (no gloves)
MR       .....                  (no boots)
Stlth    ++........             (no amulet)
HPRegen  0.08/turn              (no ring)
MPRegen  0.10/turn              (no ring)

@: no status effects
A: no food or potions, fire vulnerability, cold resistance 1, negative energy
resistance 3, torment resistance, unbreathing
a: no special abilities


You were on level 2 of the Dungeon.
You were not hungry.

You visited 1 branch of the dungeon, and saw 2 of its levels.

You collected 37 gold pieces.

Inventory:

Hand Weapons
 a - a +2 dagger of draining (weapon)
 b - a +0 hunting sling
Missiles
 c - 18 stones (quivered)
Armour
 f - a +0 robe (worn)
Scrolls
 d - a scroll of magic mapping {!r, unknown}
 e - a scroll of amnesia {!r, unknown}


   Skills:
 - Level 1.0 Short Blades
 - Level 1.5 Dodging
 + Level 2.8 Stealth
 + Level 3.4 Spellcasting
 * Level 3.6 Hexes


You had one spell level left.
You knew the following spells:

 Your Spells              Type           Power        Failure   Level  Hunger
a - Corona                Hex            ##.....      4%          1    N/A
e - Confuse               Hex            ##......     13%         3    N/A
w - Tukima's Dance        Hex            ##......     13%         3    N/A

Your spell library contained the following spells:

 Spells                   Type           Power        Failure   Level  Hunger
 Ensorcelled Hibernation  Hex/Ice        #.....       14%         2    N/A
 Dazzling Spray           Conj/Hex       #.....       28%         3    N/A

Dungeon Overview and Level Annotations

Branches:
Dungeon (2/15)

Altars:
Cheibriados

Annotations:
D:2 Terence


Innate Abilities, Weirdness & Mutations

You do not eat or drink.
Your flesh is vulnerable to fire.
You are immune to poison.
Your flesh is cold resistant. (rC+)
You are immune to negative energy. (rN+++)
You are immune to unholy pain and torment.
You can survive without breathing.


Message History

HP restored.
c - 16 stones
Items here: ) ††† a hunting sling; a goblin corpse x2; a bat corpse
c - 17 stones (gained 1)
Items here: ) ††† a hunting sling; a goblin corpse x2; a bat corpse
Things that are here:
a whip; a kobold corpse You see here a jackal corpse.
c - 18 stones (gained 1) Terence shouts!
Terence throws a stone.
The stone hits you.
You see here 2 stones.
Terence is nearby!
Terence is nearby!
Terence is nearby!
Casting: Corona (safe; 4% risk of failure)
Confirm with . or Enter, or press ? or * to list all spells.
Aiming: Tukima's Dance (safe; 13% risk of failure)
Press: ? - help, Shift-Dir - straight line, f - Terence
Aim: Terence, wielding a hand axe and wearing a scale mail (chance to defeat MR: 58%)
The hand axe dances into the air!
Terence throws a stone.
The stone hits you.
Casting: Tukima's Dance (safe; 13% risk of failure)
Confirm with . or Enter, or press ? or * to list all spells.
Aiming: Confuse (safe; 13% risk of failure)
Press: ? - help, Shift-Dir - straight line, f/p - Terence
Aim: Terence, wearing a scale mail (chance to defeat MR: 52%) Terence resists with significant effort.
Terence throws a stone.
The stone hits you but does no damage.
Unknown command.
Casting: Confuse (safe; 13% risk of failure)
Confirm with . or Enter, or press ? or * to list all spells.
You don't have enough magic to cast that spell.
You start resting.
The hobgoblin is too close now for your liking.
The hobgoblin shouts!
Terence drinks a potion.
Terence flickers and vanishes!
Deactivating autopickup; reactivate with Ctrl-A.
The hobgoblin throws a stone.
The stone closely misses you.
A stone appears from out of thin air!
The stone hits you but does no damage.
The hobgoblin throws a stone.
The stone hits you.
You see here 2 stones.
A stone appears from out of thin air!
The stone hits you but does no damage.
The hobgoblin throws a stone.
The stone hits you but does no damage.
You see here 2 stones.
The hobgoblin hits you with a club.
A stone appears from out of thin air!
The stone barely misses you. The hobgoblin hits you with a club.
* * * LOW HITPOINT WARNING * * *
You see here a stone.
The hobgoblin closely misses you.
The hobgoblin throws a stone.
The stone barely misses you.
The hobgoblin throws a stone.
The stone closely misses you.
The hobgoblin throws a stone.
The stone completely misses you.
A stone appears from out of thin air!
The stone hits you.
* * * LOW HITPOINT WARNING * * *
You see here 3 stones.
The hobgoblin throws a stone.
The stone hits you but does no damage.
A stone appears from out of thin air!
The stone hits you but does no damage.
You see here 2 stones.
The hobgoblin throws a stone.
The stone closely misses you.
The hobgoblin throws a stone.
The stone hits you.
You die...

####### ......#
##############
#####.######.÷.(@....(g.#
#.##.....##########.####
#####.##.#####
###.......##
....#.##)#####
............#
###.#.##.....##
.###.#####g{#
#............. #.#.##
#.(# ###%##.###.### #.#
#.###.(# #.##.# # ##.#
##.##(.# ..##.# #.#
##....#


You could see a hobgoblin.

Vanquished Creatures
  2 oozes (D:2)
  A worm (D:2)
  A dart slug (D:2)
  3 leopard geckos (D:1)
  4 bats
  A giant cockroach (D:1)
  9 goblins
  2 hobgoblins (D:2)
  2 jackals (D:2)
  A ball python (D:1)
  3 kobolds
  6 rats
35 creatures vanquished.

Vanquished Creatures (others)
  A dancing weapon (D:2)
1 creature vanquished.

Grand Total: 36 creatures vanquished

Notes
Turn   | Place    | Note
-------+----------+-------------------------------------------
     0 | D:1      | Amnesiac the Mummy Enchanter began the quest for the Orb.
     0 | D:1      | Reached XP level 1. HP: 13/13 MP: 4/4
   111 | D:1      | Reached skill level 1 in Short Blades
   191 | D:2      | Noticed Terence
   202 | D:1      | Reached XP level 2. HP: 4/19 MP: 2/5
   832 | D:2      | Found a snail-covered altar of Cheibriados.
   965 | D:2      | Reached XP level 3. HP: 20/24 MP: 5/7
   970 | D:2      | Learned a level 3 spell: Confuse
   974 | D:2      | Learned a level 3 spell: Tukima's Dance
  1312 | D:2      | Hit by a stone thrown by a hobgoblin

Vault maps used:
D:1:      minmay_arrival_stair_chambers
D:2:      kennysheep_slug_shrine, uniq_terence

Skill      XL: |  1  2 |
---------------+-------+-----
Short Blades   | 1 |  1.0
Hexes          | 3 |  3.6
Spellcasting   | 3 |  3.4
Dodging        | |  1.5
Stealth        | |  2.8

Action                   || total
-------------------------++-------
Melee: Dagger            ||    88
 Cast: Corona            ||    19
       Confuse           ||     1
       Tukima's Dance    ||     1
  Use: Scroll            ||     1
 Stab: Sleeping          ||     3
       Distracted        ||     1
Armor: Robe              ||    31
Dodge: Dodged            ||    63

Table legend:
 A = Spawn XP
 B = Non-spawn XP
 C = Spawn XP percentage of total XP
 D = Spawn monster count
 E = Non-spawn monster count
 F = Spawn count percentage of total count
 G = Total turns spent on level
                    A         B        C        D         E        F      G
               +---------+---------+-------+---------+---------+-------+---------
         Total |       0 |      78 |   0.0 |       0 |      35 |   0.0 |  1312
               +---------+---------+-------+---------+---------+-------+---------
           D:1 |       0 |      34 |   0.0 |       0 |      19 |   0.0 |   825
           D:2 |       0 |      44 |   0.0 |       0 |      16 |   0.0 |   487
               +---------+---------+-------+---------+---------+-------+---------
